 Dungeon Crawl Stone Soup version 0.21.1-1-g345015fe64 (webtiles) character file.

32 mybrothers the Ruffian (level 3, -1/28 HPs)
             Began as a Draconian Transmuter on May 14, 2018.
             Slain by Sigmund
             ... wielding a +0 scythe
              (8 damage)
             ... on level 2 of the Dungeon.
             The game lasted 00:13:00 (1233 turns).

mybrothers the Ruffian (Draconian Transmuter)       Turns: 1233, Time: 00:13:00

Health: -1/28      AC:  5    Str: 13    XL:     3   Next: 8%
Magic:  6/6        EV: 12    Int: 13    God:
Gold:   40         SH:  0    Dex: 11    Spells: 5/6 levels left

rFire    . . .     SeeInvis .   j - +1 spear (curse)
rCold    . . .     Gourm    .   (no shield)
rNeg     . . .     Faith    .   (armour unavailable)
rPois    .         Spirit   .   (helmet restricted)
rElec    .         Reflect  .   (no cloak)
rCorr    .         Harm     .   (no gloves)
MR       .....                  (no boots)
Stlth    +.........             (no amulet)
HPRegen  0.09/turn              (no ring)
MPRegen  0.10/turn              (no ring)

@: no status effects
A: unfitting armour, cold-blooded, AC +5
a: no special abilities


You were on level 2 of the Dungeon.
You were very hungry.

You visited 1 branch of the dungeon, and saw 2 of its levels.

You collected 40 gold pieces.

Inventory:

Hand Weapons
 d - a +0 short sword
 i - a +0 dagger
 j - a cursed +1 spear (weapon)
 k - a +0 dagger
 l - a +0 dagger
 p - a +0 hunting sling
 q - a +0 spear
 s - a +0 club
Missiles
 a - 26 arrows
 m - 51 stones (quivered)
 n - 18 poisoned needles
Armour
 h - a +0 robe
 t - a +0 scale mail
 v - a +0 leather armour
Scrolls
 g - 2 scrolls of identify {unknown}
 o - a scroll of noise {unknown}
 w - a scroll of remove curse {unknown}
Potions
 r - a potion of berserk rage {unknown}
 u - a potion of degeneration {unknown}
Books
 b - a book of Changes

   Spells                             Type                      Level
   a - Beastly Appendage              Transmutation                1
   b - Sticks to Snakes               Transmutation                2
   c - Spider Form                    Transmutation/Poison         3
   d - Ice Form                       Ice/Transmutation            4
   e - Blade Hands                    Transmutation                5
Comestibles
 c - 4 rations


   Skills:
 + Level 1.3 Fighting
 + Level 0.3 Polearms
 + Level 2.2 Dodging
 + Level 3.4 Unarmed Combat
 + Level 2.3 Spellcasting
 + Level 2.1 Transmutations


You had 5 spell levels left.
You knew the following spells:

 Your Spells              Type           Power        Failure   Level  Hunger
a - Beastly Appendage     Tmut           #.....       10%         1    #......


Dungeon Overview and Level Annotations

Branches:
Dungeon (2/15)

Altars:

Annotations:
D:2 Sigmund


Innate Abilities, Weirdness & Mutations

Your plain brown scales are hard. (AC +5)
You cannot fit into any form of body armour.
You are cold-blooded and may be slowed by cold attacks.


Message History

It is a scroll of enchant weapon.
Really abort (and waste the scroll)? [Y]es or [N]o only, please.
Really abort (and waste the scroll)?
Uppercase [Y]es or [N]o only, please.
Really abort (and waste the scroll)?
Your cursed +0 spear glows red for a moment.
As you read the scroll labeled EXASUZX EK KINT, it crumbles to dust.
The scroll dissolves into smoke.
It was a scroll of fog.
Sigmund casts a spell.
Sigmund flickers and vanishes!
Deactivating autopickup; reactivate with Ctrl-A.
You miss something. Something hits you.
You barely miss something. Something hits you but does no damage.
You hit something. You closely miss something. Something barely misses you.
You hit something. Something hits you!
* * * LOW HITPOINT WARNING * * *
Something hits you!
You die...

...##.#........#
####.#..#..#.###...#
##+#..........#.#
#.#
#....#........#.#
#....#........#.#
#....#........#.#
#....#........#..
#....#.§.§....###
#....#.§§@.......
#....#§§§#§..####
##.#.##{§§...#
#.#.§§§§§§.§#
#...§§§.....#
#.............#
#.########....# #
#....# #....#


There were no monsters in sight!

Vanquished Creatures
  An ooze (D:2)
  A dart slug (D:1)
  3 bats
  3 giant cockroaches
  A goblin (D:1)
  3 hobgoblins (D:1)
  2 jackals (D:1)
  A ball python (D:1)
  2 frilled lizards
  5 kobolds
  2 rats (D:1)
24 creatures vanquished.

Notes
Turn   | Place    | Note
-------+----------+-------------------------------------------
     0 | D:1      | mybrothers the Draconian Transmuter began the quest for the Orb.
     0 | D:1      | Reached XP level 1. HP: 16/16 MP: 3/3
   256 | D:1      | Reached XP level 2. HP: 13/23 MP: 5/5
  1205 | D:2      | Reached XP level 3. HP: 25/28 MP: 6/6
  1212 | D:2      | Noticed Sigmund
  1233 | D:2      | Slain by Sigmund

Skill      XL: |  1  2 |
---------------+-------+-----
Dodging        | 2 |  2.2
Fighting       | |  1.3
Polearms       | |  0.3
Unarmed Combat | |  3.4
Spellcasting   | |  2.3
Transmutations | |  2.1

Action                   || total
-------------------------++-------
Melee: Unarmed           ||    25
       Spear             ||    87
       Tailslap          ||     5
       Punch             ||     1
  Use: Scroll            ||     3
       Potion            ||     1
Armor: Skin              ||    41
Dodge: Dodged            ||   100
